[ AOE2 MATCH · #505943241 ]
UnrankedBohemians vs Khitans
Player's team · LOSS
Rival team · WIN
[ REPLAY ANALYSIS · EXTRACTED FROM THE RECORDED GAME ]
Feudal
13:23
Castle
25:28
Imperial
—
| APM avg | 55.0 |
| APM peak | 102 |
| eAPM avg | 23.7 |
| Villagers / military | 59 / 45 |
Focus
⚔️ 31.1% · 🌾 68.9%
Skirmisher ×21 · Knight ×6 · Spearman ×6 · Militia ×5 · Monk ×4 · Hussite Wagon ×3
Feudal
8:36
Castle
25:03
Imperial
—
| APM avg | 77.8 |
| APM peak | 144 |
| eAPM avg | 31.0 |
| Villagers / military | 110 / 61 |
Focus
⚔️ 61.4% · 🌾 38.6%
Steppe Lancer ×32 · Archer ×14 · Scout Cavalry ×13 · Monk ×1 · Iron Pagoda ×1
Match map
Initial resources + every placement click. Lines = walls · curves = elevation contours. ◆ gold · ⬟ stone · ● berries · ✦ relic · ◌ wall gap
Your base· ✓ Closed at 25:28 · 57t walls · 1 gate(s)
Ux'Dannyechauri's base· Open — 1t gap
Smoothed initial terrain · ◌ = detected wall gap · hover for details
Inputs per minute
— CORP_hector_sin_elo - - Ux'Dannyechauri
Build order — CORP_hector_sin_elo
First 150 of 241 actions detected
| 0:00 | Queue | Villager (Male) |
| 0:01 | Queue | Villager (Male) |
| 0:01 | Queue | Villager (Male) |
| 0:02 | Build | House |
| 0:04 | Build | House |
| 0:38 | Queue | Villager (Male) |
| 0:38 | Queue | Villager (Male) |
| 1:33 | Queue | Villager (Male) |
| 1:34 | Queue | Villager (Male) |
| 1:58 | Queue | Villager (Male) |
| 2:23 | Queue | Villager (Male) |
| 2:50 | Queue | Villager (Male) |
| 3:14 | Queue | Villager (Male) |
| 3:14 | Queue | Villager (Male) |
| 3:31 | Build | Barracks |
| 3:37 | Queue | Villager (Male) |
| 3:40 | Build | House |
| 3:59 | Queue | Villager (Male) |
| 4:33 | Queue | Militia |
| 4:41 | Queue | Villager (Male) |
| 4:41 | Queue | Villager (Male) |
| 4:44 | Build | House |
| 5:04 | Queue | Militia |
| 5:20 | Queue | Villager (Male) |
| 5:25 | Build | Lumber Camp |
| 5:40 | Build | Palisade Wall |
| 5:47 | Queue | Villager (Male) |
| 5:56 | Queue | Militia |
| 6:00 | Build | House |
| 6:23 | Queue | Villager (Male) |
| 6:24 | Queue | Militia |
| 6:35 | Build | Palisade Wall |
| 6:39 | Queue | Villager (Male) |
| 6:55 | Queue | Militia |
| 7:08 | Build | House |
| 7:13 | Queue | Villager (Male) |
| 7:48 | Build | House |
| 7:49 | Queue | Villager (Male) |
| 7:57 | Build | Mill |
| 7:58 | Queue | Villager (Male) |
| 8:16 | Queue | Villager (Male) |
| 8:31 | Build | Palisade Wall |
| 8:34 | Build | Palisade Wall |
| 8:39 | Build | Palisade Wall |
| 9:05 | Queue | Villager (Male) |
| 9:15 | Build | Mining Camp |
| 9:26 | Queue | Villager (Male) |
| 9:54 | Queue | Villager (Male) |
| 9:57 | Build | Farm |
| 10:07 | Build | Palisade Wall |
| 10:11 | Build | Palisade Wall |
| 10:11 | Build | Palisade Wall |
| 10:13 | Build | Palisade Wall |
| 10:13 | Build | Palisade Wall |
| 10:15 | Build | Palisade Wall |
| 10:39 | Research | Loom |
| 10:45 | Build | House |
| 10:46 | Build | Palisade Wall |
| 10:50 | Build | Palisade Gate |
| 10:51 | Build | Palisade Wall |
| 10:52 | Build | Palisade Wall |
| 10:52 | Build | Palisade Wall |
| 11:00 | Build | Palisade Wall |
| 11:04 | Build | Palisade Wall |
| 11:05 | Build | Palisade Wall |
| 11:06 | Build | Palisade Wall |
| 11:07 | Build | Palisade Wall |
| 11:13 | Research | Feudal Age |
| 12:02 | Build | Palisade Wall |
| 12:18 | Build | Farm |
| 12:33 | Build | Farm |
| 12:44 | Build | Farm |
| 13:10 | Queue | Villager (Male) |
| 13:23 | Age | Feudal Age |
| 13:26 | Build | Archery Range |
| 13:29 | Research | Double-Bit Axe |
| 13:30 | Queue | Villager (Male) |
| 13:33 | Build | Palisade Wall |
| 13:37 | Build | Palisade Wall |
| 13:37 | Build | Palisade Wall |
| 13:38 | Build | Palisade Wall |
| 13:39 | Build | Palisade Wall |
| 13:51 | Build | House |
| 13:54 | Build | Farm |
| 13:55 | Queue | Villager (Male) |
| 14:04 | Research | Man-at-Arms (upgrade) |
| 14:05 | Queue | Skirmisher |
| 14:15 | Queue | Villager (Male) |
| 14:17 | Build | Farm |
| 14:19 | Build | Farm |
| 14:30 | Build | House |
| 14:36 | Queue | Skirmisher |
| 14:36 | Queue | Villager (Male) |
| 14:50 | Queue | Skirmisher |
| 15:02 | Queue | Skirmisher |
| 15:04 | Build | Farm |
| 15:07 | Queue | Villager (Male) |
| 15:23 | Build | House |
| 15:26 | Build | House |
| 15:28 | Build | House |
| 15:49 | Build | Blacksmith |
| 15:54 | Build | Palisade Wall |
| 16:11 | Queue | Villager (Male) |
| 16:16 | Build | Farm |
| 16:17 | Build | Farm |
| 16:19 | Queue | Villager (Male) |
| 16:25 | Research | Fletching |
| 16:38 | Queue | Villager (Male) |
| 16:43 | Build | Farm |
| 16:52 | Build | Farm |
| 16:52 | Build | Farm |
| 16:55 | Build | Farm |
| 16:58 | Build | Farm |
| 17:00 | Queue | Skirmisher |
| 17:01 | Queue | Villager (Male) |
| 17:13 | Queue | Skirmisher |
| 17:22 | Build | Farm |
| 17:27 | Research | Padded Archer Armor |
| 17:30 | Queue | Skirmisher |
| 17:52 | Queue | Skirmisher |
| 17:56 | Queue | Villager (Male) |
| 18:02 | Build | Farm |
| 18:37 | Queue | Skirmisher |
| 18:47 | Queue | Skirmisher |
| 18:47 | Queue | Spearman |
| 18:54 | Research | Scale Mail Armor |
| 19:08 | Build | Farm |
| 19:11 | Queue | Skirmisher |
| 19:15 | Build | Farm |
| 19:25 | Queue | Spearman |
| 19:26 | Queue | Skirmisher |
| 19:34 | Build | Farm |
| 19:42 | Queue | Villager (Male) |
| 19:45 | Build | Farm |
| 20:05 | Build | House |
| 20:10 | Queue | Skirmisher |
| 20:16 | Queue | Villager (Male) |
| 20:30 | Build | Farm |
| 20:36 | Queue | Skirmisher |
| 20:45 | Queue | Spearman |
| 20:51 | Research | Wheelbarrow |
| 21:05 | Build | Mining Camp |
| 21:19 | Build | House |
| 21:29 | Build | House |
| 21:47 | Build | Watch Tower |
| 22:27 | Queue | Spearman |
| 22:48 | Research | Castle Age |
| 22:54 | Queue | Spearman |
| 22:54 | Queue | Skirmisher |
| 22:55 | Queue | Skirmisher |
Build order — Ux'Dannyechauri
First 150 of 305 actions detected
| 0:00 | Queue | Villager (Male) |
| 0:00 | Queue | Villager (Male) |
| 0:01 | Queue | Villager (Male) |
| 0:02 | Build | House |
| 0:03 | Build | House |
| 0:07 | Queue | Villager (Male) |
| 0:08 | Queue | Villager (Male) |
| 1:32 | Queue | Villager (Male) |
| 1:32 | Queue | Villager (Male) |
| 1:51 | Queue | Villager (Male) |
| 2:09 | Build | Lumber Camp |
| 2:18 | Queue | Villager (Male) |
| 2:41 | Queue | Villager (Male) |
| 2:44 | Build | House |
| 3:08 | Queue | Villager (Male) |
| 3:08 | Queue | Villager (Male) |
| 3:34 | Queue | Villager (Male) |
| 3:44 | Queue | Villager (Male) |
| 3:44 | Queue | Villager (Male) |
| 4:17 | Queue | Villager (Male) |
| 4:17 | Queue | Villager (Male) |
| 4:34 | Queue | Villager (Male) |
| 4:38 | Queue | Villager (Male) |
| 4:39 | Research | Loom |
| 4:42 | Build | Mill |
| 5:36 | Build | Palisade Wall |
| 5:40 | Build | Palisade Wall |
| 5:42 | Build | Palisade Wall |
| 6:26 | Research | Feudal Age |
| 6:26 | Research | Feudal Age |
| 7:22 | Build | Barracks |
| 7:40 | Queue | Villager (Male) |
| 7:50 | Build | Mining Camp |
| 8:36 | Age | Feudal Age |
| 8:48 | Build | Archery Range |
| 8:57 | Queue | Villager (Male) |
| 9:06 | Build | House |
| 9:08 | Build | Palisade Wall |
| 9:13 | Queue | Villager (Male) |
| 9:25 | Build | Palisade Wall |
| 9:28 | Build | Palisade Wall |
| 9:30 | Build | Palisade Wall |
| 9:32 | Queue | Archer |
| 9:43 | Build | Palisade Wall |
| 9:52 | Build | House |
| 9:55 | Queue | Villager (Male) |
| 10:10 | Queue | Villager (Male) |
| 10:23 | Build | Blacksmith |
| 10:29 | Queue | Archer |
| 10:29 | Queue | Villager (Male) |
| 10:57 | Build | Mill |
| 11:05 | Queue | Villager (Male) |
| 11:08 | Queue | Archer |
| 11:37 | Build | Palisade Wall |
| 11:38 | Build | Palisade Wall |
| 11:46 | Queue | Villager (Male) |
| 11:46 | Queue | Archer |
| 12:09 | Queue | Archer |
| 12:15 | Queue | Villager (Male) |
| 12:19 | Build | House |
| 12:23 | Build | House |
| 12:28 | Build | Pasture |
| 12:33 | Build | House |
| 12:34 | Build | Palisade Wall |
| 12:51 | Queue | Villager (Male) |
| 12:58 | Queue | Archer |
| 13:08 | Queue | Villager (Male) |
| 13:23 | Build | Pasture |
| 13:30 | Queue | Villager (Male) |
| 13:42 | Research | Fletching |
| 13:42 | Research | Fletching |
| 13:55 | Queue | Villager (Male) |
| 14:08 | Queue | Archer |
| 14:18 | Queue | Villager (Male) |
| 14:21 | Build | Pasture |
| 14:29 | Queue | Villager (Male) |
| 14:33 | Build | House |
| 15:02 | Queue | Villager (Male) |
| 15:07 | Research | Forging |
| 15:07 | Research | Forging |
| 15:14 | Queue | Villager (Male) |
| 15:16 | Build | Pasture |
| 15:38 | Queue | Villager (Male) |
| 16:04 | Queue | Villager (Male) |
| 16:21 | Build | Stable |
| 16:26 | Queue | Villager (Male) |
| 16:46 | Queue | Scout Cavalry |
| 16:47 | Queue | Scout Cavalry |
| 16:48 | Queue | Villager (Male) |
| 16:54 | Research | Tech 1014 |
| 16:54 | Research | Tech 1014 |
| 17:01 | Build | House |
| 17:02 | Build | Palisade Wall |
| 17:11 | Queue | Scout Cavalry |
| 17:12 | Queue | Villager (Male) |
| 17:28 | Queue | Villager (Male) |
| 17:30 | Build | Pasture |
| 17:39 | Queue | Archer |
| 17:50 | Queue | Villager (Male) |
| 17:53 | Build | Pasture |
| 18:16 | Queue | Scout Cavalry |
| 18:33 | Queue | Villager (Male) |
| 18:40 | Queue | Scout Cavalry |
| 18:48 | Build | Pasture |
| 18:56 | Queue | Villager (Male) |
| 19:02 | Build | Pasture |
| 19:10 | Queue | Scout Cavalry |
| 19:26 | Queue | Villager (Male) |
| 19:32 | Build | Pasture |
| 19:40 | Queue | Villager (Male) |
| 19:41 | Queue | Villager (Male) |
| 19:44 | Build | Pasture |
| 19:48 | Build | Pasture |
| 20:00 | Queue | Villager (Male) |
| 20:01 | Queue | Scout Cavalry |
| 20:06 | Build | House |
| 20:14 | Queue | Scout Cavalry |
| 20:28 | Queue | Archer |
| 20:28 | Queue | Archer |
| 20:28 | Queue | Villager (Male) |
| 20:37 | Build | Pasture |
| 20:47 | Queue | Villager (Male) |
| 20:51 | Build | House |
| 20:59 | Build | Market |
| 21:04 | Queue | Scout Cavalry |
| 21:05 | Queue | Villager (Male) |
| 21:27 | Queue | Archer |
| 21:32 | Build | Pasture |
| 21:47 | Queue | Villager (Male) |
| 22:23 | Research | Castle Age |
| 22:23 | Research | Castle Age |
| 22:25 | Queue | Scout Cavalry |
| 22:34 | Queue | Archer |
| 22:41 | Research | Gold Mining |
| 22:48 | Queue | Villager (Male) |
| 22:54 | Build | Palisade Wall |
| 22:55 | Build | Palisade Wall |
| 22:57 | Build | Palisade Wall |
| 22:58 | Build | Palisade Wall |
| 23:00 | Queue | Villager (Male) |
| 23:07 | Research | Scale Barding Armor |
| 23:08 | Queue | Archer |
| 23:20 | Build | House |
| 23:21 | Build | Palisade Wall |
| 23:38 | Queue | Archer |
| 24:00 | Build | Stable |
| 24:12 | Build | House |
| 24:18 | Build | Lumber Camp |
| 24:36 | Research | Double-Bit Axe |
| 24:36 | Research | Double-Bit Axe |
Match timeline
| 3:31 | CORP_hector_sin_elo · first_building Barracks |
| 5:36 | Ux'Dannyechauri · wall_segment Palisade Wall x1 |
| 5:40 | Ux'Dannyechauri · wall_segment Palisade Wall x1 |
| 5:40 | CORP_hector_sin_elo · wall_segment Palisade Wall x1 |
| 5:42 | Ux'Dannyechauri · wall_segment Palisade Wall x1 |
| 6:35 | CORP_hector_sin_elo · wall_segment Palisade Wall x1 |
| 7:22 | Ux'Dannyechauri · first_building Barracks |
| 8:31 | CORP_hector_sin_elo · wall_segment Palisade Wall x1 |
| 8:34 | CORP_hector_sin_elo · wall_segment Palisade Wall x1 |
| 8:36 | Ux'Dannyechauri · age_up feudal |
| 8:39 | CORP_hector_sin_elo · wall_segment Palisade Wall x1 |
| 8:48 | Ux'Dannyechauri · first_building Archery Range |
| 9:08 | Ux'Dannyechauri · wall_segment Palisade Wall x1 |
| 9:25 | Ux'Dannyechauri · wall_segment Palisade Wall x1 |
| 9:28 | Ux'Dannyechauri · wall_segment Palisade Wall x1 |
| 9:30 | Ux'Dannyechauri · wall_segment Palisade Wall x1 |
| 9:43 | Ux'Dannyechauri · wall_segment Palisade Wall x1 |
| 10:07 | CORP_hector_sin_elo · wall_segment Palisade Wall x1 |
| 10:11 | CORP_hector_sin_elo · wall_segment Palisade Wall x4 |
| 10:11 | CORP_hector_sin_elo · wall_segment Palisade Wall x4 |
| 10:13 | CORP_hector_sin_elo · wall_segment Palisade Wall x2 |
| 10:13 | CORP_hector_sin_elo · wall_segment Palisade Wall x1 |
| 10:15 | CORP_hector_sin_elo · wall_segment Palisade Wall x1 |
| 10:46 | CORP_hector_sin_elo · wall_segment Palisade Wall x4 |
| 10:51 | CORP_hector_sin_elo · wall_segment Palisade Wall x1 |
| 10:52 | CORP_hector_sin_elo · wall_segment Palisade Wall x1 |
| 10:52 | CORP_hector_sin_elo · wall_segment Palisade Wall x1 |
| 11:00 | CORP_hector_sin_elo · wall_segment Palisade Wall x12 |
| 11:04 | CORP_hector_sin_elo · wall_segment Palisade Wall x11 |
| 11:05 | CORP_hector_sin_elo · wall_segment Palisade Wall x1 |
| 11:06 | CORP_hector_sin_elo · wall_segment Palisade Wall x1 |
| 11:07 | CORP_hector_sin_elo · wall_segment Palisade Wall x4 |
| 11:37 | Ux'Dannyechauri · wall_segment Palisade Wall x1 |
| 11:38 | Ux'Dannyechauri · wall_segment Palisade Wall x1 |
| 12:02 | CORP_hector_sin_elo · wall_segment Palisade Wall x1 |
| 12:34 | Ux'Dannyechauri · wall_segment Palisade Wall x1 |
| 13:23 | CORP_hector_sin_elo · age_up feudal |
| 13:26 | CORP_hector_sin_elo · first_building Archery Range |
| 13:33 | CORP_hector_sin_elo · wall_segment Palisade Wall x1 |
| 13:37 | CORP_hector_sin_elo · wall_segment Palisade Wall x1 |
| 13:37 | CORP_hector_sin_elo · wall_segment Palisade Wall x1 |
| 13:38 | CORP_hector_sin_elo · wall_segment Palisade Wall x1 |
| 13:39 | CORP_hector_sin_elo · wall_segment Palisade Wall x1 |
| 15:54 | CORP_hector_sin_elo · wall_segment Palisade Wall x1 |
| 16:21 | Ux'Dannyechauri · first_building Stable |
| 17:02 | Ux'Dannyechauri · wall_segment Palisade Wall x5 |
| 21:49 | Ux'Dannyechauri · first_market_buy 100 food |
| 22:54 | Ux'Dannyechauri · wall_segment Palisade Wall x6 |
| 22:55 | Ux'Dannyechauri · wall_segment Palisade Wall x5 |
| 22:57 | Ux'Dannyechauri · wall_segment Palisade Wall x5 |
| 22:58 | Ux'Dannyechauri · wall_segment Palisade Wall x5 |
| 23:21 | Ux'Dannyechauri · wall_segment Palisade Wall x14 |
| 24:57 | CORP_hector_sin_elo · first_building Stable |
| 25:01 | Ux'Dannyechauri · wall_segment Palisade Wall x3 |
| 25:03 | Ux'Dannyechauri · wall_segment Palisade Wall x6 |
| 25:03 | Ux'Dannyechauri · age_up castle |
| 25:28 | CORP_hector_sin_elo · age_up castle |
| 25:28 | Ux'Dannyechauri · wall_segment Palisade Wall x5 |
| 25:58 | Ux'Dannyechauri · wall_segment Palisade Wall x5 |
| 28:29 | CORP_hector_sin_elo · wall_segment Palisade Wall x1 |
| 28:51 | CORP_hector_sin_elo · wall_segment Palisade Wall x2 |
| 29:50 | CORP_hector_sin_elo · wall_segment Palisade Wall x1 |
| 30:20 | CORP_hector_sin_elo · first_building Castle |
| 30:38 | CORP_hector_sin_elo · wall_segment Palisade Wall x1 |
| 30:39 | CORP_hector_sin_elo · wall_segment Palisade Wall x1 |
| 31:06 | CORP_hector_sin_elo · wall_segment Palisade Wall x1 |
| 32:05 | Ux'Dannyechauri · first_building Siege Workshop |
| 32:39 | CORP_hector_sin_elo · wall_segment Palisade Wall x1 |
| 32:40 | CORP_hector_sin_elo · wall_segment Palisade Wall x1 |
| 32:46 | CORP_hector_sin_elo · first_building Monastery |
| 32:48 | CORP_hector_sin_elo · wall_segment Palisade Wall x1 |
| 32:49 | Ux'Dannyechauri · first_building Monastery |
| 33:51 | Ux'Dannyechauri · first_building Castle |
| 34:52 | Ux'Dannyechauri · wall_segment Palisade Wall x10 |
| 35:04 | Ux'Dannyechauri · first_market_sell 100 wood |
| 35:35 | CORP_hector_sin_elo · first_building Siege Workshop |
| 37:10 | CORP_hector_sin_elo · resign |
[ AI ANALYSIS · 1 CREDIT ]
What really happened in this match?
Wolo.gg analyzes every decision: build order, eco, micro, common mistakes by bracket. Personalized analysis on WhatsApp or Discord in 30 seconds.
Civ guide
Bohemians
Perfil
Jugador #459775